PAAA
SALT LAKE CITY BUZZ @ PORT ROYAL DISASTER
08/17/2017
 
TOP OF THE 1ST
Salt Lake City Buzz batting - Pitching for Port Royal Disaster : LHP Jorge Velázquez
Pitching: LHP Jorge Velázquez
Batting: RHB Jim Coffey 0-0: Foul Ball, location: 2F
0-1: SOLO HOME RUN (Flyball, 8RXD), Distance : 438 ft
Batting: RHB Jason Delaney 0-0: Ball
1-0: Ball
2-0: Ball
3-0: Called Strike
3-1: Foul Ball, location: 2F
3-2: Strikes out looking
Batting: LHB Fernando González 0-0: Ball
1-0: Called Strike
1-1: SINGLE (Groundball, 13) (infield hit)
Batting: RHB Jack Alexander 0-0: Ball
1-0: Called Strike
1-1: Called Strike
1-2: 2-RUN HOME RUN (Flyball, 8LXD), Distance : 443 ft
Batting: RHB Archie Green 0-0: Ball
1-0: Ball
2-0: Ball
3-0: Called Strike
3-1: Base on Balls
Batting: LHB Martín Núñes 0-0: Foul Ball, location: 2F
0-1: Foul Ball, location: 2F
0-2: Foul Ball, location: 2F
0-2: Strikes out looking
Batting: RHB Ugo Brandini 0-0: Fielders Choice at 2nd, 6-4 (Groundball, 6)
Top of the 1st over - 3 run(s), 3 hit(s), 0 error(s), 0 left on base; Salt Lake City 3 - Port Royal 0
BOTTOM OF THE 1ST
Port Royal Disaster batting - Pitching for Salt Lake City Buzz : RHP Dave Ponsonby
Pitching: RHP Dave Ponsonby
Batting: RHB Mike Green 0-0: Foul Ball, location: 2F
0-1: Ball
1-1: Called Strike
1-2: Ball
2-2: Ground out 6-3 (Groundball, 6)
Batting: LHB Keith McKnight 0-0: Ball
1-0: Bunt missed!
1-1: Ball
2-1: Fly out, F7 (Flyball, 78M)
Batting: RHB Jim Unknown 0-0: Called Strike
0-1: Foul Ball, location: 2F
0-2: Strikes out swinging
Bottom of the 1st over - 0 run(s), 0 hit(s), 0 error(s), 0 left on base; Salt Lake City 3 - Port Royal 0
TOP OF THE 2ND
Salt Lake City Buzz batting - Pitching for Port Royal Disaster : LHP Jorge Velázquez
Batting: RHB John Ramsey 0-0: Called Strike
0-1: Ball
1-1: Swinging Strike
1-2: Fly out, F7 (Flyball, 78M)
Batting: LHB Chris Stoltzfus 0-0: Ball
1-0: Called Strike
1-1: Swinging Strike
1-2: Ball
2-2: Fly out, F7 (Flyball, 7S)
Batting: RHB Jim Coffey 0-0: Called Strike
0-1: Ball
1-1: Fly out, F8 (Flyball, 8LXD)
Top of the 2nd over - 0 run(s), 0 hit(s), 0 error(s), 0 left on base; Salt Lake City 3 - Port Royal 0
BOTTOM OF THE 2ND
Port Royal Disaster batting - Pitching for Salt Lake City Buzz : RHP Dave Ponsonby
Batting: SHB Ethan Jollymour 0-0: Swinging Strike
0-1: Called Strike
0-2: Fly out, F4 (Popup, 4)
Batting: LHB Jason Potter 0-0: Ball
1-0: Called Strike
1-1: Ball
2-1: Foul Ball, location: 2F
2-2: Ground out 4-3 (Groundball, 4)
Batting: LHB Jim Unknown 0-0: Called Strike
0-1: Foul Ball, location: 2F
0-2: Ball
1-2: Foul Ball, location: 2F
1-2: Strikes out swinging
Bottom of the 2nd over - 0 run(s), 0 hit(s), 0 error(s), 0 left on base; Salt Lake City 3 - Port Royal 0
TOP OF THE 3RD
Salt Lake City Buzz batting - Pitching for Port Royal Disaster : LHP Jorge Velázquez
Batting: RHB Jason Delaney 0-0: Swinging Strike
0-1: Called Strike
0-2: Ball
1-2: Foul Ball, location: 2F
1-2: Ball
2-2: Ball
3-2: Ground out 6-3 (Groundball, 6)
Batting: LHB Fernando González 0-0: Ball
1-0: Ball
2-0: Called Strike
2-1: DOUBLE (Line Drive, 9LS)
Batting: RHB Jack Alexander 0-0: Ball
1-0: SINGLE (Line Drive, 78S)
Fernando González to third
Runner from 3rd tries for Home, SAFE, throw made home
Jack Alexander to second
Batting: RHB Archie Green 0-0: Called Strike
0-1: Swinging Strike
0-2: Strikes out swinging
Batting: LHB Martín Núñes 0-0: SINGLE (Line Drive, 7S)
Jack Alexander to third
Runner from 3rd tries for Home, SAFE, no throw or cutoff
Batting: RHB Ugo Brandini 0-0: Fielders Choice at 2nd, 6-4 (Groundball, 6)
Top of the 3rd over - 2 run(s), 3 hit(s), 0 error(s), 0 left on base; Salt Lake City 5 - Port Royal 0
BOTTOM OF THE 3RD
Port Royal Disaster batting - Pitching for Salt Lake City Buzz : RHP Dave Ponsonby
Batting: RHB Jim Unknown 0-0: SINGLE (Line Drive, 34D)
Batting: RHB Clint Anthony 0-0: Ball
1-0: Swinging Strike
1-1: Ball
2-1: Ball
3-1: Base on Balls
Jim Unknown to second
Batting: LHB Nelson Sanders 0-0: Foul Ball, location: 2F
0-1: Fly out, F2 (Popup, 2L)
Batting: RHB Mike Green 0-0: Ball
1-0: Ball
2-0: Ball
3-0: Called Strike
3-1: Foul Ball, location: 2F
3-2: Grounds into double play, 5-4-3 (Groundball, 5)
Bottom of the 3rd over - 0 run(s), 1 hit(s), 0 error(s), 1 left on base; Salt Lake City 5 - Port Royal 0
TOP OF THE 4TH
Salt Lake City Buzz batting - Pitching for Port Royal Disaster : LHP Jorge Velázquez
Batting: RHB John Ramsey 0-0: Ball
1-0: Ground out 3-1 (Groundball, 34)
Batting: LHB Chris Stoltzfus 0-0: Called Strike
0-1: Called Strike
0-2: Ball
1-2: Fly out, F8 (Flyball, 8RM)
Batting: RHB Jim Coffey 0-0: Ball
1-0: Called Strike
1-1: Ball
2-1: Ball
3-1: Swinging Strike
3-2: Base on Balls
Batting: RHB Jason Delaney 0-0: Ball
1-0: Ground out 5-3 (Groundball, 5L)
Top of the 4th over - 0 run(s), 0 hit(s), 0 error(s), 1 left on base; Salt Lake City 5 - Port Royal 0
BOTTOM OF THE 4TH
Port Royal Disaster batting - Pitching for Salt Lake City Buzz : RHP Dave Ponsonby
Batting: LHB Keith McKnight 0-0: Bunt for hit - play at first, batter safe!
Batting: RHB Jim Unknown 0-0: Ball
1-0: Called Strike
1-1: Fielders Choice at 2nd, 5-4 (Groundball, 5)
Batting: SHB Ethan Jollymour Balk!
Jim Unknown to second
0-0: Ground out 4-3 (Groundball, 4M)
Jim Unknown to third
Batting: LHB Jason Potter 0-0: Foul Ball, location: 2F
0-1: Ball
1-1: Ground out 6-3 (Groundball, 6)
Bottom of the 4th over - 0 run(s), 1 hit(s), 0 error(s), 1 left on base; Salt Lake City 5 - Port Royal 0
TOP OF THE 5TH
Salt Lake City Buzz batting - Pitching for Port Royal Disaster : LHP Jorge Velázquez
Batting: LHB Fernando González 0-0: Ground out U3 (Groundball, 3L)
Batting: RHB Jack Alexander 0-0: Ball
1-0: Called Strike
1-1: Ball
2-1: Fly out, F7 (Flyball, 78M)
Batting: RHB Archie Green 0-0: Ball
1-0: Ball
2-0: Ball
3-0: Base on Balls
Batting: LHB Martín Núñes 0-0: Ball
1-0: Foul Ball, location: 2F
1-1: Swinging Strike
1-2: Ball
2-2: Foul Ball, location: 2F
2-2: Ball
3-2: SINGLE (Groundball, 34)
Archie Green to second
Archie Green to third
Batting: RHB Ugo Brandini 0-0: Called Strike
0-1: Fly out, F9 (Flyball, 89M)
Top of the 5th over - 0 run(s), 1 hit(s), 0 error(s), 2 left on base; Salt Lake City 5 - Port Royal 0
BOTTOM OF THE 5TH
Port Royal Disaster batting - Pitching for Salt Lake City Buzz : RHP Dave Ponsonby
Batting: LHB Jim Unknown 0-0: Ball
1-0: Ball
2-0: SINGLE (Groundball, 4MD) (infield hit)
Batting: RHB Jim Unknown 0-0: Called Strike
0-1: Swinging Strike
0-2: Ball
1-2: Strikes out swinging
Batting: RHB Clint Anthony 0-0: Foul Ball, location: 2F
0-1: Foul Ball, location: 2F
0-2: Strikes out swinging
Batting: LHB Nelson Sanders 0-0: Called Strike
0-1: Swinging Strike
0-2: Foul Ball, location: 2F
0-2: Ball
1-2: Ball
2-2: Strikes out swinging
Bottom of the 5th over - 0 run(s), 1 hit(s), 0 error(s), 1 left on base; Salt Lake City 5 - Port Royal 0
TOP OF THE 6TH
Salt Lake City Buzz batting - Pitching for Port Royal Disaster : LHP Jorge Velázquez
Batting: RHB John Ramsey 0-0: Called Strike
0-1: Ball
1-1: Ground out 6-3 (Groundball, 56)
Batting: LHB Chris Stoltzfus 0-0: Ball
1-0: SINGLE (Line Drive, 9S)
Batting: RHB Jim Coffey 0-0: Called Strike
0-1: Ball
1-1: Foul Ball, location: 2F
1-2: Foul Ball, location: 2F
1-2: Ball
2-2: Ball
3-2: Grounds into double play, 6-4-3 (Groundball, 6)
Top of the 6th over - 0 run(s), 1 hit(s), 0 error(s), 0 left on base; Salt Lake City 5 - Port Royal 0
BOTTOM OF THE 6TH
Port Royal Disaster batting - Pitching for Salt Lake City Buzz : RHP Dave Ponsonby
Batting: RHB Mike Green 0-0: DOUBLE (Flyball, 7D)
Batting: LHB Keith McKnight 0-0: Ball
1-0: Foul Ball, location: 2F
1-1: Ball
2-1: Foul Ball, location: 2F
2-2: Ball
3-2: Foul Ball, location: 2F
3-2: SINGLE (Groundball, 4MD) (infield hit)
Mike Green to third
Batting: RHB Jim Unknown 0-0: Ball
1-0: Called Strike
1-1: Ball
Keith McKnight is caught stealing 2nd base
2-1: Swinging Strike
2-2: Ball
3-2: Base on Balls
Batting: SHB Ethan Jollymour 0-0: Ball
1-0: SINGLE (Groundball, 6MD) (infield hit)
Mike Green scores
Jim Unknown to second
Batting: LHB Jason Potter 0-0: Called Strike
0-1: Foul Ball, location: 2F
0-2: Ball
1-2: Foul Ball, location: 2F
1-2: SINGLE (Line Drive, 89M)
Jim Unknown to third
Ethan Jollymour to second
Runner from 3rd tries for Home, throw and OUT!
Ethan Jollymour to third
Jason Potter to second
Batting: LHB Jim Unknown 0-0: Called Strike
0-1: Ball
1-1: SINGLE (Line Drive, 7LS)
Ethan Jollymour scores
Jason Potter to third
Batting: RHB Jim Unknown 0-0: Called Strike
0-1: Ball
1-1: SINGLE (Line Drive, 9LS)
Jason Potter scores
Jim Unknown to second
Runner from 2nd tries for 3rd, OUT!
Bottom of the 6th over - 3 run(s), 6 hit(s), 0 error(s), 1 left on base; Salt Lake City 5 - Port Royal 3
TOP OF THE 7TH
Salt Lake City Buzz batting - Pitching for Port Royal Disaster : LHP Jorge Velázquez
Batting: RHB Jason Delaney 0-0: Called Strike
0-1: Ball
1-1: Fly out, F8 (Flyball, 8RM)
Batting: LHB Fernando González 0-0: Called Strike
0-1: Ball
1-1: Ball
2-1: Swinging Strike
2-2: Foul Ball, location: 2F
2-2: Foul Ball, location: 2F
2-2: Foul Ball, location: 2F
2-2: Ball
3-2: Foul Ball, location: 2F
3-2: Foul Ball, location: 2F
3-2: Base on Balls
Batting: RHB Jack Alexander 0-0: Called Strike
0-1: Foul Ball, location: 2F
0-2: Strikes out looking
Pitching: RHP Carl Snyder
Batting: RHB Archie Green 0-0: Swinging Strike
0-1: Foul Ball, location: 2F
0-2: Strikes out swinging
Top of the 7th over - 0 run(s), 0 hit(s), 0 error(s), 1 left on base; Salt Lake City 5 - Port Royal 3
BOTTOM OF THE 7TH
Port Royal Disaster batting - Pitching for Salt Lake City Buzz : RHP Dave Ponsonby
Batting: RHB Clint Anthony 0-0: Ball
1-0: Called Strike
1-1: Ball
2-1: Foul Ball, location: 2F
2-2: Strikes out swinging
Batting: LHB Nelson Sanders 0-0: Foul Ball, location: 2F
0-1: Foul Ball, location: 2F
0-2: Strikes out swinging
Batting: RHB Mike Green 0-0: Swinging Strike
0-1: Ball
1-1: SINGLE (Groundball, 4M)
Batting: LHB Keith McKnight 0-0: Ball
Mike Green steals 2nd base
1-0: Ball
2-0: Foul Ball, location: 2F
2-1: Called Strike
2-2: SINGLE (Groundball, 4M)
Mike Green to third
Runner from 3rd tries for Home, SAFE, throw made home
Keith McKnight to second
Batting: RHB Jim Unknown 0-0: Ball
1-0: Fly out, F8 (Line Drive, 8LS)
Bottom of the 7th over - 1 run(s), 2 hit(s), 0 error(s), 1 left on base; Salt Lake City 5 - Port Royal 4
TOP OF THE 8TH
Salt Lake City Buzz batting - Pitching for Port Royal Disaster : RHP Carl Snyder
Batting: LHB Martín Núñes 0-0: Ball
1-0: Foul Ball, location: 2F
1-1: Swinging Strike
1-2: Ground out 6-3 (Groundball, 6)
Batting: RHB Ugo Brandini 0-0: Foul Ball, location: 2F
0-1: Ball
1-1: Ball
2-1: Ball
3-1: Foul Ball, location: 2F
3-2: Fly out, F6 (Popup, 56)
Batting: RHB John Ramsey 0-0: Called Strike
0-1: Ball
1-1: Called Strike
1-2: Ground out 6-3 (Groundball, 6)
Top of the 8th over - 0 run(s), 0 hit(s), 0 error(s), 0 left on base; Salt Lake City 5 - Port Royal 4
BOTTOM OF THE 8TH
Port Royal Disaster batting - Pitching for Salt Lake City Buzz : RHP Dave Ponsonby
Batting: SHB Ethan Jollymour 0-0: Ball
1-0: Foul Ball, location: 2F
1-1: Ball
2-1: Ball
3-1: Base on Balls
Batting: LHB Jason Potter 0-0: Ball
1-0: Fly out, F5 (Popup, 2R)
Pitching: RHP Jim Unknown
Batting: LHB Jim Unknown 0-0: Ball
1-0: Called Strike
1-1: Ball
2-1: Ground out 3-1 (Groundball, 34S)
Ethan Jollymour to second
Pinch Hitting: LHB Jim Unknown 0-0: Ball
1-0: Called Strike
1-1: Foul Ball, location: 2F
1-2: Foul Ball, location: 2F
1-2: Ball
2-2: Foul Ball, location: 2F
2-2: Ball
3-2: Foul Ball, location: 2F
3-2: SINGLE (Line Drive, 7LS)
Ethan Jollymour to third
Ethan Jollymour scores
Batting: RHB Clint Anthony 0-0: Ball
1-0: Called Strike
1-1: 2-RUN HOME RUN (Flyball, 7LD), Distance : 341 ft
Batting: LHB Nelson Sanders 0-0: Foul Ball, location: 2F
0-1: Ball
1-1: Called Strike
1-2: Ball
2-2: Strikes out swinging
Bottom of the 8th over - 3 run(s), 2 hit(s), 0 error(s), 0 left on base; Salt Lake City 5 - Port Royal 7
TOP OF THE 9TH
Salt Lake City Buzz batting - Pitching for Port Royal Disaster : RHP Carl Snyder
Pitching: RHP Juan Piña
Now at 1B: Jim Unknown
Batting: LHB Chris Stoltzfus 0-0: Ball
1-0: Fly out, F8 (Flyball, 8LM)
Batting: RHB Jim Coffey 0-0: Ball
1-0: Ball
2-0: Foul Ball, location: 2F
2-1: Foul Ball, location: 2F
2-2: Ball
3-2: Strikes out looking
Batting: RHB Jason Delaney 0-0: Called Strike
0-1: Ball
1-1: Ball
2-1: Ground out 6-3 (Groundball, 56)
Top of the 9th over - 0 run(s), 0 hit(s), 0 error(s), 0 left on base; Salt Lake City 5 - Port Royal 7
This league is powered by Out of the Park Baseball, the baseball management simulation game for PC, Mac and Linux
Saturday, February 27th, 2021 - OOTP Baseball 15.6 Build 34